TOP OF THE 1ST |
Portland Beavers batting - Pitching for Phoenix Giants : RHP Phil Huffman
|
Pitching: RHP Phil Huffman
|
|
Batting: SHB Wally Backman
|
0-0: Ball 1-0: Ground out 6-3 (Groundball, 6, EV 102.5 MPH)
|
Batting: LHB Mike Gates
|
0-0: Swinging Strike 0-1: Swinging Strike 0-2: SINGLE (Groundball, 4MD, EV 103.1 MPH)
|
Batting: RHB Glenn Davis
|
0-0: Ball 1-0: Fly out, F8 (Flyball, 78XD, EV 98.8 MPH)
|
Batting: LHB Harold Baines
|
0-0: Ball 1-0: Called Strike 1-1: Ball Mike Gates is caught stealing 2nd base 2-6
|
Top of the 1st over - 0 runs, 1 hit, 0 errors, 0 left on base; Portland 0 - Phoenix 0 |
BOTTOM OF THE 1ST |
Phoenix Giants batting - Pitching for Portland Beavers : LHP Bill Scherrer
|
Pitching: LHP Bill Scherrer
|
|
Batting: LHB Gordon Hahn
|
0-0: Ball 1-0: Swinging Strike 1-1: Foul Ball, location: 2F 1-2: Fly out, F8 (Flyball, 8LM, EV 86.3 MPH)
|
Batting: RHB Paul Zuvella
|
0-0: Ball 1-0: Ground out U3 (Groundball, 34, EV 111.3 MPH)
|
Batting: SHB John Macauley
|
0-0: Ball 1-0: Ball 2-0: SINGLE (Line Drive, 9LS, EV 93.8 MPH)
|
Batting: RHB Billy L Smith
|
0-0: Ball John Macauley is caught stealing 2nd base 2-4
|
Bottom of the 1st over - 0 runs, 1 hit, 0 errors, 0 left on base; Portland 0 - Phoenix 0 |
TOP OF THE 2ND |
Portland Beavers batting - Pitching for Phoenix Giants : RHP Phil Huffman
|
Batting: LHB Harold Baines
|
0-0: Ground out U3 (Groundball, 3L, EV 91.9 MPH)
|
Batting: RHB Martinho Varandas
|
0-0: Fly out, F4 (Popup, 4, EV 56.9 MPH)
|
Batting: RHB Skeeter Barnes
|
0-0: Called Strike 0-1: Swinging Strike 0-2: Strikes out swinging
|
Top of the 2nd over - 0 runs, 0 hits, 0 errors, 0 left on base; Portland 0 - Phoenix 0 |
BOTTOM OF THE 2ND |
Phoenix Giants batting - Pitching for Portland Beavers : LHP Bill Scherrer
|
Batting: RHB Billy L Smith
|
0-0: Ball 1-0: Ball 2-0: Fly out, F7 (Line Drive, 7, EV 86.9 MPH)
|
Batting: LHB Ernie Riles
|
0-0: Foul Ball, location: 2F 0-1: SINGLE (Groundball, 34D, EV 98.8 MPH)
|
Batting: LHB Raymond Rivas
|
0-0: Called Strike 0-1: Swinging Strike 0-2: Ball 1-2: Ball 2-2: Strikes out swinging
|
Batting: SHB Razor Shines
|
0-0: Fly out, F8 (Line Drive, 8RD, EV 108.8 MPH)
|
Bottom of the 2nd over - 0 runs, 1 hit, 0 errors, 1 left on base; Portland 0 - Phoenix 0 |
TOP OF THE 3RD |
Portland Beavers batting - Pitching for Phoenix Giants : RHP Phil Huffman
|
Batting: RHB Pepe Mangual
|
0-0: Ball 1-0: Foul Ball, location: 2F 1-1: Reached on error, E6 (Groundball, 56, EV 89.4 MPH)
|
Batting: RHB Kevin Buckley
|
0-0: Ball 1-0: Ball 2-0: Grounds into double play, 3-6-3 (Groundball, 3, EV 95.0 MPH)
|
Batting: LHB Pat Sheridan
|
0-0: Called Strike 0-1: Called Strike 0-2: Fly out, F7 (Flyball, 7S, EV 91.3 MPH)
|
Top of the 3rd over - 0 runs, 0 hits, 1 error, 0 left on base; Portland 0 - Phoenix 0 |
BOTTOM OF THE 3RD |
Phoenix Giants batting - Pitching for Portland Beavers : LHP Bill Scherrer
|
Batting: LHB Joseph Bruno
|
0-0: Ball 1-0: Foul Ball, location: 2F 1-1: Swinging Strike 1-2: Ball 2-2: Strikes out swinging
|
Batting: LHB Frank Gill
|
0-0: Ball 1-0: Called Strike 1-1: Swinging Strike 1-2: Ball 2-2: Strikes out looking
|
Batting: LHB Gordon Hahn
|
0-0: Called Strike 0-1: Called Strike 0-2: Fly out, F5 (Popup, 56, EV 78.8 MPH)
|
Bottom of the 3rd over - 0 runs, 0 hits, 0 errors, 0 left on base; Portland 0 - Phoenix 0 |
TOP OF THE 4TH |
Portland Beavers batting - Pitching for Phoenix Giants : RHP Phil Huffman
|
Batting: SHB Wally Backman
|
0-0: Called Strike 0-1: Ball 1-1: Ball 2-1: Foul Ball, location: 2F 2-2: SINGLE (Flyball, 7LS, EV 88.8 MPH)
|
Batting: LHB Mike Gates
|
0-0: Ball Wally Backman is caught stealing 2nd base 2-6 1-0: Ground out 4-3 (Groundball, 4, EV 85.6 MPH)
|
Batting: RHB Glenn Davis
|
0-0: Swinging Strike 0-1: Called Strike 0-2: Strikes out looking
|
Top of the 4th over - 0 runs, 1 hit, 0 errors, 0 left on base; Portland 0 - Phoenix 0 |
BOTTOM OF THE 4TH |
Phoenix Giants batting - Pitching for Portland Beavers : LHP Bill Scherrer
|
Batting: RHB Paul Zuvella
|
0-0: SINGLE (Groundball, 4D, EV 103.1 MPH)
|
Batting: SHB John Macauley
|
0-0: Foul Ball, location: 2F 0-1: Ball 1-1: Ball 2-1: Foul Ball, location: 2F 2-2: SINGLE (Line Drive, 8LS, EV 106.3 MPH) Paul Zuvella to second
|
Batting: RHB Billy L Smith
|
0-0: Ball Wild Pitch! Paul Zuvella to third John Macauley to second 1-0: Fly out, F4 (Popup, 4M, EV 54.4 MPH)
|
Batting: LHB Ernie Riles
|
0-0: Swinging Strike 0-1: Ball 1-1: Ball 2-1: Swinging Strike 2-2: Fly out, F7 (Flyball, 7S, EV 87.5 MPH)
|
Batting: LHB Raymond Rivas
|
0-0: SINGLE (Groundball, 4MS, EV 69.4 MPH) (infield hit) Paul Zuvella scores John Macauley to third
|
Batting: SHB Razor Shines
|
0-0: Ball 1-0: Ball 2-0: Ball 3-0: Base on Balls Raymond Rivas to second
|
Batting: LHB Joseph Bruno
|
0-0: Ball Passed Ball! John Macauley scores Raymond Rivas to third Razor Shines to second 1-0: Ball 2-0: Ball 3-0: Base on Balls
|
Batting: LHB Frank Gill
|
0-0: Called Strike 0-1: Ball 1-1: Fly out, F6 (Popup, 6, EV 56.3 MPH)
|
Bottom of the 4th over - 2 runs, 3 hits, 0 errors, 3 left on base; Portland 0 - Phoenix 2 |
TOP OF THE 5TH |
Portland Beavers batting - Pitching for Phoenix Giants : RHP Phil Huffman
|
Batting: LHB Harold Baines
|
0-0: Foul Ball, location: 2F 0-1: Foul Ball, location: 2F 0-2: Ball 1-2: Ground out 4-3 (Groundball, 4, EV 75.6 MPH)
|
Batting: RHB Martinho Varandas
|
0-0: Called Strike 0-1: Ball 1-1: Foul Ball, location: 2F 1-2: Foul Ball, location: 2F 1-2: Ball 2-2: Ball 3-2: Base on Balls
|
Batting: RHB Skeeter Barnes
|
0-0: Swinging Strike 0-1: Ball 1-1: Ball 2-1: Fly out, F9 (Flyball, 9LS, EV 75.0 MPH)
|
Batting: RHB Pepe Mangual
|
0-0: Ball 1-0: Swinging Strike 1-1: Swinging Strike 1-2: Ball 2-2: Foul Ball, location: 2F 2-2: Strikes out swinging
|
Top of the 5th over - 0 runs, 0 hits, 0 errors, 1 left on base; Portland 0 - Phoenix 2 |
BOTTOM OF THE 5TH |
Phoenix Giants batting - Pitching for Portland Beavers : LHP Bill Scherrer
|
Batting: LHB Gordon Hahn
|
0-0: Ball 1-0: Called Strike 1-1: SINGLE (Groundball, P, EV 86.3 MPH) (infield hit)
|
Batting: RHB Paul Zuvella
|
0-0: Bunted foul 0-1: Ball 1-1: Ball 2-1: Bunted foul 2-2: Ball 3-2: Base on Balls Gordon Hahn to second
|
Batting: SHB John Macauley
|
0-0: Called Strike 0-1: Foul Ball, location: 2F 0-2: Ball 1-2: Fly out, F8 (Flyball, 8LS, EV 83.1 MPH)
|
Batting: RHB Billy L Smith
|
0-0: Called Strike 0-1: Called Strike 0-2: Fly out, F8 (Flyball, 8LD, EV 87.5 MPH)
|
Batting: LHB Ernie Riles
|
0-0: Called Strike 0-1: Called Strike 0-2: Ball 1-2: Strikes out swinging
|
Bottom of the 5th over - 0 runs, 1 hit, 0 errors, 2 left on base; Portland 0 - Phoenix 2 |
TOP OF THE 6TH |
Portland Beavers batting - Pitching for Phoenix Giants : RHP Phil Huffman
|
Batting: RHB Kevin Buckley
|
0-0: Called Strike 0-1: Ball 1-1: Swinging Strike 1-2: Strikes out swinging
|
Batting: LHB Pat Sheridan
|
0-0: Ball 1-0: Fly out, F9 (Flyball, 89S, EV 73.8 MPH)
|
Batting: SHB Wally Backman
|
0-0: DOUBLE (Flyball, 8RXD, EV 98.8 MPH)
|
Batting: LHB Mike Gates
|
0-0: Ball 1-0: SINGLE (Groundball, 25, EV 66.3 MPH) (infield hit) Wally Backman to third
|
Batting: RHB Glenn Davis
|
0-0: Called Strike 0-1: Called Strike 0-2: Ball 1-2: Foul Ball, location: 2F 1-2: Ball 2-2: 3-RUN HOME RUN (Flyball, 7LD, EV 90.6 MPH), Distance : 355 ft
|
Batting: LHB Harold Baines
|
0-0: Fly out, F9 (Flyball, 89D, EV 91.3 MPH)
|
Top of the 6th over - 3 runs, 3 hits, 0 errors, 0 left on base; Portland 3 - Phoenix 2 |
BOTTOM OF THE 6TH |
Phoenix Giants batting - Pitching for Portland Beavers : LHP Bill Scherrer
|
Batting: LHB Raymond Rivas
|
0-0: Called Strike 0-1: Foul Ball, location: 2F 0-2: Strikes out swinging
|
Batting: SHB Razor Shines
|
0-0: Ball 1-0: Foul Ball, location: 2F 1-1: Swinging Strike 1-2: Strikes out swinging
|
Batting: LHB Joseph Bruno
|
0-0: Called Strike 0-1: Foul Ball, location: 2F 0-2: Ball 1-2: Ball 2-2: Foul Ball, location: 2F 2-2: Ball 3-2: Foul Ball, location: 2F 3-2: Base on Balls
|
Batting: LHB Frank Gill
|
0-0: Fly out, F6 (Popup, 25, EV 86.3 MPH)
|
Bottom of the 6th over - 0 runs, 0 hits, 0 errors, 1 left on base; Portland 3 - Phoenix 2 |
TOP OF THE 7TH |
Portland Beavers batting - Pitching for Phoenix Giants : RHP Phil Huffman
|
Batting: RHB Martinho Varandas
|
0-0: Ground out U3 (Groundball, 3, EV 90.6 MPH)
|
Batting: RHB Skeeter Barnes
|
0-0: Fly out, F6 (Popup, P, EV 78.8 MPH)
|
Batting: RHB Pepe Mangual
|
0-0: Ball 1-0: SOLO HOME RUN (Flyball, 89XD, EV 103.1 MPH), Distance : 449 ft
|
Batting: RHB Kevin Buckley
|
0-0: Ball 1-0: Called Strike 1-1: Fly out, F7 (Flyball, 7D, EV 97.5 MPH)
|
Top of the 7th over - 1 run, 1 hit, 0 errors, 0 left on base; Portland 4 - Phoenix 2 |
BOTTOM OF THE 7TH |
Phoenix Giants batting - Pitching for Portland Beavers : LHP Bill Scherrer
|
Batting: LHB Gordon Hahn
|
0-0: Foul Ball, location: 2F 0-1: Foul Ball, location: 2F 0-2: Foul Ball, location: 2F 0-2: Strikes out looking
|
Batting: RHB Paul Zuvella
|
0-0: Called Strike 0-1: Ball 1-1: Fly out, F7 (Flyball, 78D, EV 98.8 MPH)
|
Batting: SHB John Macauley
|
0-0: Foul Ball, location: 2F 0-1: Called Strike 0-2: Ground out 5-3 (Groundball, 25, EV 86.9 MPH)
|
Bottom of the 7th over - 0 runs, 0 hits, 0 errors, 0 left on base; Portland 4 - Phoenix 2 |
TOP OF THE 8TH |
Portland Beavers batting - Pitching for Phoenix Giants : RHP Phil Huffman
|
Batting: LHB Pat Sheridan
|
0-0: Ball 1-0: Called Strike 1-1: Ball 2-1: Ground out 4-3 (Groundball, 4, EV 103.1 MPH)
|
Batting: SHB Wally Backman
|
0-0: Fly out, F9 (Flyball, 9LS, EV 83.8 MPH)
|
Batting: LHB Mike Gates
|
0-0: Called Strike 0-1: Ball 1-1: Ball 2-1: Called Strike 2-2: Fly out, F4 (Popup, 4, EV 63.1 MPH)
|
Top of the 8th over - 0 runs, 0 hits, 0 errors, 0 left on base; Portland 4 - Phoenix 2 |
BOTTOM OF THE 8TH |
Phoenix Giants batting - Pitching for Portland Beavers : LHP Bill Scherrer
|
Batting: RHB Billy L Smith
|
0-0: Fly out, F4 (Popup, 34D, EV 54.4 MPH)
|
Batting: LHB Ernie Riles
|
0-0: Foul Ball, location: 2F 0-1: Ball 1-1: Ball 2-1: Ball 3-1: Called Strike 3-2: Foul Ball, location: 2F 3-2: Ground out 3-1 (Groundball, 13, EV 86.3 MPH)
|
Batting: LHB Raymond Rivas
|
0-0: Ground out 6-3 (Groundball, 6, EV 106.9 MPH)
|
Bottom of the 8th over - 0 runs, 0 hits, 0 errors, 0 left on base; Portland 4 - Phoenix 2 |
TOP OF THE 9TH |
Portland Beavers batting - Pitching for Phoenix Giants : RHP Phil Huffman
|
Pitching: RHP Charles Davis
|
|
Batting: RHB Glenn Davis
|
0-0: Ball 1-0: Ball 2-0: Called Strike 2-1: Ball 3-1: Base on Balls
|
Batting: LHB Harold Baines
|
0-0: Ball 1-0: Ball 2-0: DOUBLE (Flyball, 8RXD, EV 114.4 MPH) Glenn Davis to third
|
Batting: RHB Martinho Varandas
|
0-0: Called Strike 0-1: Swinging Strike 0-2: Ball 1-2: Strikes out looking
|
Batting: RHB Skeeter Barnes
|
0-0: Intentional Walk
|
Batting: RHB Pepe Mangual
|
0-0: Ball 1-0: Swinging Strike 1-1: Ball 2-1: Ball 3-1: Foul Ball, location: 2F 3-2: Base on Balls Glenn Davis scores Harold Baines to third Skeeter Barnes to second
|
Batting: RHB Kevin Buckley
|
0-0: Called Strike 0-1: Ball 1-1: Foul Ball, location: 2F 1-2: Foul Ball, location: 2F 1-2: Foul Ball, location: 2F 1-2: Ball 2-2: SINGLE (Groundball, P, EV 98.8 MPH) Harold Baines scores Skeeter Barnes to third Pepe Mangual to second Runner from 3rd tries for Home, SAFE, throw by CF to home
|
Pitching: RHP Terry Cornutt
|
|
Batting: LHB Pat Sheridan
|
0-0: Fly out, F9 (Flyball, 9S, EV 93.1 MPH)
|
Pitching: RHP Enrique Romo
|
|
Batting: SHB Wally Backman
|
0-0: Swinging Strike 0-1: Called Strike 0-2: Strikes out swinging
|
Top of the 9th over - 3 runs, 2 hits, 0 errors, 2 left on base; Portland 7 - Phoenix 2 |
BOTTOM OF THE 9TH |
Phoenix Giants batting - Pitching for Portland Beavers : LHP Bill Scherrer
|
Batting: SHB Razor Shines
|
0-0: Called Strike 0-1: Ball 1-1: Ball 2-1: Foul Ball, location: 2F 2-2: Ball 3-2: Foul Ball, location: 2F 3-2: Fly out, F9 (Flyball, 9D, EV 95.0 MPH)
|
Pitching: RHP Clyde Reichard
|
|
Batting: LHB Joseph Bruno
|
0-0: Ball 1-0: Called Strike 1-1: Foul Ball, location: 2F 1-2: Strikes out swinging
|
Batting: LHB Frank Gill
|
0-0: Ball 1-0: Ground out U3 (Groundball, 3, EV 95.6 MPH)
|
Bottom of the 9th over - 0 runs, 0 hits, 0 errors, 0 left on base; Portland 7 - Phoenix 2 |
|